cohdb
Replays
Latest Replays
All Replays
Popular Replays
Top Player Replays
Match Explorer
How It Works
Community
CoH3 Stats
Reddit
Sign in to upload your games and track your stats! →
Sign in with Steam
Match 32314695
Unlisted
Match 32314695
Overview
Messages
Build Orders
End
Pioneer Squad
Construct Infanterie Kompanie
Selects Breakthrough Battlegroup
Selects Assault Grenadiers
Grenadier Squad
Grenadier Squad
Grenadier Squad
Grenadier Squad
Construct Panzergrenadier Kompanie
Pak 40 Anti-tank Gun Team
Selects Breakthrough
Infanterie Officer Quarters
Pak 40 Anti-tank Gun Team
Selects Rapid Production
MG 42 Machine Gun Team
Support Elements
StuG III G Assault Gun
Selects Blitzkrieg
Panzergrenadier Squad
StuG III G Assault Gun
el campo
MaXiS
[TGR] ImperialGuard
OMJimas
0
0
Comments
sign in to comment!
No comments posted yet!